 Dungeon Crawl Stone Soup version 0.29.1-1-gd02db69 (webtiles) character file.

Game seed: 17961568623816760548

4 Vaargak the Sneak (level 1, 0/11 HPs)
             Began as a Felid Wanderer on Sept 27, 2022.
             Slain by a ball python (3 damage)
             ... on level 1 of the Dungeon.
             The game lasted 00:02:00 (154 turns).

Vaargak the Sneak (Felid Wanderer)                   Turns: 154, Time: 00:02:00

Health: 0/11       AC:  1    Str: 15    XL:     1   Next: 50%
Magic:  2/2        EV: 18    Int: 13    God:
Gold:   8          SH:  0    Dex: 14    Spells: 0/0 levels left
                                        Lives:  0   Deaths: 0

rFire   . . .      SeeInvis +   (weapon unavailable)
rCold   . . .      Faith    .   (shield unavailable)
rNeg    . . .      Spirit   .   (body armour unavailable)
rPois   .          Reflect  .   (helmet unavailable)
rElec   .          Harm     .   (cloak unavailable)
rCorr   .          Rampage  .   (gloves unavailable)
Will    .....                   (boots unavailable)
Stlth   +++.......              (no amulet)
HPRegen 0.03/turn               e - +6 ring of strength
MPRegen 0.08/turn               (no ring)

@: quick
A: very small, claws 1, fangs 3, see invisible, speed 1, shaggy fur 1, stealthy
paws, no weapons or thrown items, no armour, multi-lived
a: no special abilities


You were on level 1 of the Dungeon.
You visited 1 branch of the dungeon, and saw 1 of its levels.

You collected 8 gold pieces.

Inventory:

Jewellery
 e - a +6 ring of strength (left paw)
Scrolls
 b - a scroll of fear
 d - a scroll of poison {unknown}
Potions
 a - a potion of curing
 c - a potion of degeneration {unknown}


   Skills:
 + Level 4.1 Fighting
 + Level 4.0 Dodging
 + Level 4.1 Stealth


You couldn't memorise any spells.
You didn't know any spells.
Your spell library was empty.

Dungeon Overview and Level Annotations

Branches:
Dungeon (1/15)

Altars:


Innate Abilities, Weirdness & Mutations

You have sharp claws.
You have razor-sharp teeth.
You have supernaturally acute eyesight. (SInv)
You cover ground quickly. (Speed+)
You are covered in fur. (AC +1)
Your paws help you pounce on unaware monsters.
You are incapable of wielding weapons or throwing items.
You cannot wear armour.
You gain extra lives every three experience levels.


Message History

A goblin comes into view. It is wielding a +0 dagger.
The goblin shouts!
You barely miss the goblin. You bite the goblin.
You kill the goblin!
Things that are here:
a +0 dagger; a goblin corpse A kobold comes into view.
It is wielding a +0 dagger.
A giant cockroach comes into view.
The kobold shouts!
You hear an angry hiss.
You scratch the kobold but do no damage.
The giant cockroach waves its antennae.
The kobold misses you.
You barely miss the kobold. The kobold hits you with a +0 dagger.
The ball python hisses angrily.
You scratch the giant cockroach.
The giant cockroach is severely wounded.
The giant cockroach closely misses you. The kobold misses you.
The giant cockroach bites you.
You scratch the giant cockroach but do no damage.
The giant cockroach is heavily wounded.
The kobold closely misses you. The giant cockroach barely misses you.
You scratch the giant cockroach but do no damage.
The giant cockroach is heavily wounded.
The giant cockroach misses you. The kobold closely misses you.
You closely miss the giant cockroach.
The giant cockroach is heavily wounded.
The giant cockroach bites you. The kobold hits you but does no damage.
You barely miss the giant cockroach. You bite the giant cockroach.
You kill the giant cockroach!
The ball python bites you. The ball python barely misses you.
The kobold hits you with a +0 dagger.
* * * LOW HITPOINT WARNING * * *
The ball python barely misses you. x2
You scratch the kobold.
You kill the kobold!
The ball python barely misses you. The ball python misses you.
You scratch the ball python.
The ball python is severely wounded.
The ball python bites you.
You die...

#.......###)..####
#.......####.##
#.........##.#
#..........#.#####
###..........#.....#
.............#.....###..
###......(...#.........
# ########...##....####.
# #...##.@....... #
#...##S)†.####.
#...##....# #####
#...##....# ....###
#...#####.# ......##
##### .# .##....## .#
........# ####.#.
........## .S.....


You could see a ball python.

Vanquished Creatures
  A giant cockroach (D:1)
  A goblin (D:1)
  A bat (D:1)
  A kobold (D:1)
4 creatures vanquished.

Notes
Turn   | Place    | Note
-------+----------+-------------------------------------------
     0 | D:1      | Vaargak the Felid Wanderer began the quest for the Orb.
     0 | D:1      | Vaargak set off with the following items: a potion of
                  | curing, a scroll of fear.
     0 | D:1      | Reached XP level 1. HP: 11/11 MP: 2/2
   154 | D:1      | Slain by a ball python

Illustrated notes

Levels and vault maps discovered:
D:1:      minmay_arrival_loop, layout_basic,
          hellmonk_ecumenical_altar_arch_garden

Action                   || total
-------------------------++-------
Melee: Unarmed           ||    12
       Bite              ||     2
Armor: Skin              ||     1
Dodge: Dodged            ||    15
